Match 40732104
Unlisted

Match 40732104
End
Pioneer Squad
Construct Infanterie Kompanie
Selects Luftwaffe Battlegroup
Selects Luftwaffe Battlegroup
Selects Luftwaffe Pioneer Support
Grenadier Squad
Grenadier Squad
Selects Stuka Strafing Run
Construct Luftwaffe Kompanie
MG 42 Machine Gun Team
Stuka Strafing Run
Selects Fallschirmjäger Squad Paradrop
Fallschirmjäger Squad Paradrop
Support Elements
Fallschirmjäger Squad Paradrop
Wirbelwind Flakpanzer
Medical Bunker
Marder III M Tank Destroyer
Luftwaffe Officer Quarters
Selects Fragmentation Bombs
Selects LG40 Recoilless Gun Paradrop
Selects Infantry Reserves
Fallschirmjäger Squad Paradrop
Stuka Strafing Run
Construct Panzer Kompanie
Stuka Strafing Run
Farlion
xbubalo
0
0

Comments sign in to comment!

No comments posted yet!